Scraper vs Staline

Created - 17 avril 2015 at 19:00

Goals
1 2 3 T
Scraper 0 1 0 1
Staline 2 1 2 5
Shots
1 2 3 T
Scraper 14 12 8 34
Staline 16 9 8 33

1st period

1. Staline , Nick Spaling 1 (J.T. Wyman, Mathieu Perreault) at 15:40
2. Staline , Andrei Loktionov 2 (Devin Setoguchi, T.J. Fast) at 15:55

Penalties :
Tyler Cuma (StJ) for Tripping (Minor) at 13:24

2nd period

3. Scraper , Denis Shvidki 1 (Valeri Bure) at 0:13
4. Staline , Nick Spaling 2 (Theo Peckham, J.T. Wyman) at 11:51

Penalties :
Eric Godard (Out) for Hooking (Minor) at 0:09, Andrei Loktionov (StJ) for Hooking (Minor) at 0:12, Peter Mueller (StJ) for High sticking (Minor) at 9:12, Andrei Loktionov (StJ) for Slashing (Minor) at 13:58

3rd period

5. Staline , Nick Spaling 3 (J.T. Wyman, Torey Krug) at 3:00
6. Staline , Devin Setoguchi 1 (Pierre-Luc Létourneau) at 5:17 (SH)

Penalties :
Mason Raymond (StJ) for Interference (Minor) at 0:27, Nick Spaling (StJ) for Hooking (Minor) at 4:14, Denis Shvidki (Out) for Hooking (Minor) at 7:51, Theo Peckham (StJ) for Elbowing (Minor) at 18:21, Eric Gryba (Out) for Slashing (Minor) at 19:14

Goalie Stats

Peter Mannino (Out), 28 saves from 33 shots - (0,848), L, 1-1-0, 60:00 minutes
Tobias Stephan (StJ), 33 saves from 34 shots - (0,971), W, 1-1-0, 60:00 minutes

Players Stats for Scraper

Player Name              G  A  P  +/- PIM S  H  SB GA TA FO     MP     PP MP  PK MP  
------------------------------------------------------------------------------------
Ben Eager                0  0  0  -2  0   3  2  1  2  0  3/3    19:56   5:27   0:49 
Brayden Schenn           0  0  0   0  0   3  2  1  0  0  3/7    13:19   4:07   0:00 
Brendan Smith            0  0  0  -1  0   5  1  0  0  3  0/0    26:04   6:18   0:50 
Cameron Gaunce           0  0  0  -3  0   0  1  0  0  0  0/0     9:40   0:00   0:00 
Daniel Winnik            0  0  0   0  0   3  1  0  1  0  0/2    16:57   4:56   0:00 
Denis Shvidki            1  0  1   1  2   3  5  1  0  0  0/0    18:54   4:56   0:03 
Derek Joslin             0  0  0  -1  0   0  2  1  0  1  0/0    26:04   6:18   0:50 
Eric Godard              0  0  0  -2  2   1  1  1  1  0  3/5    20:51   5:35   1:08 
Eric Gryba               0  0  0   0  2   1  1  3  0  0  0/0    20:14   4:32   1:12 
Eric Knodel              0  0  0   0  0   0  1  0  0  0  0/0     4:01   0:00   0:00 
Evander Kane             0  0  0  -2  0   0  0  0  0  0  0/0    11:53   0:40   0:14 
Ilkka Heikkinen          0  0  0  -3  0   2  0  0  0  0  0/0     9:40   0:00   0:00 
Jared Cowen              0  0  0   0  0   1  2  0  0  0  0/0    20:15   4:33   1:12 
Jerome Samson            0  0  0  -1  0   1  0  0  0  0  0/0     9:51   0:05   0:00 
Joe Finley               0  0  0   0  0   0  0  0  0  0  0/0     4:01   0:00   0:00 
Marcus Foligno           0  0  0  -1  0   3  2  0  0  0  0/0     9:32   0:00   0:00 
Riley Armstrong          0  0  0  -2  0   3  0  0  1  1  11/24  18:35   5:22   0:04 
Riley Nash               0  0  0  -1  0   2  0  0  0  0  0/3     9:32   0:00   0:00 
Roman Horak              0  0  0   0  0   0  0  0  0  0  0/0     0:51   0:00   0:44 
Ryan O'Reilly            0  0  0  -2  0   0  0  0  0  0  3/9    11:44   0:03   1:02 
Valeri Bure              0  1  1  -1  0   3  0  0  1  0  2/3    13:20   1:22   0:00 

Players Stats for Staline

Player Name              G  A  P  +/- PIM S  H  SB GA TA FO     MP     PP MP  PK MP  
------------------------------------------------------------------------------------
Andrei Loktionov         1  0  1   1  4   4  1  0  0  1  8/17   16:34   1:05   2:22 
Cody Eakin               0  0  0   0  0   0  0  0  0  0  3/3     6:53   0:01   0:45 
Devin Setoguchi          1  1  2   1  0   4  2  0  1  0  2/3    22:16   1:06   6:06 
J.T. Wyman               0  3  3   3  0   2  1  0  0  1  0/0    13:22   0:01   0:03 
James Sheppard           0  0  0   0  0   1  0  0  0  0  0/0     8:49   0:00   2:47 
Jamie McGinn             0  0  0   0  0   0  0  0  0  0  0/0     0:39   0:00   0:10 
Jared Boll               0  0  0   0  0   0  2  0  0  0  1/1    14:33   0:55   0:00 
Mason Raymond            0  0  0   0  2   3  1  1  0  0  0/0    19:01   0:55   3:24 
Mathieu Perreault        0  1  1   3  0   0  0  0  0  1  2/3    11:31   0:00   0:00 
Michael Del Zotto        0  0  0   2  0   0  0  1  0  0  0/0    11:49   0:00   0:00 
Nick Spaling             3  0  3   3  2   5  0  0  0  0  0/0    12:40   0:01   0:00 
Peter Mueller            0  0  0   0  2   4  0  0  0  0  4/12   15:01   0:55   0:00 
Pierre-Luc Létourneau    0  1  1   1  0   3  3  0  3  0  11/17  24:59   1:06   6:05 
Stu Bickel               0  0  0   1  0   3  0  1  0  0  0/0    27:03   1:21   6:03 
T.J. Fast                0  1  1   1  0   2  3  4  0  1  0/0    27:28   1:21   6:28 
Theo Peckham             0  1  1   1  2   2  0  2  0  1  0/0    20:10   0:41   3:51 
Torey Krug               0  1  1   2  0   0  2  1  0  1  0/0    13:36   0:00   1:55 
Tyler Cuma               0  0  0   1  2   0  0  2  1  0  0/0    19:57   0:41   3:25 

3 Stars

1 - Nick Spaling (StJ)
2 - J.T. Wyman (StJ)
3 - Tobias Stephan (StJ)

Power Play

Scraper - 0 on 7 Attempt(s) - 0,00%
Staline - 0 on 3 Attempt(s) - 0,00%

Penalty Kill

Scraper - 3 on 3 Attempt(s) - 100,00% - Score 0 goal in Penalty Kill
Staline - 7 on 7 Attempt(s) - 100,00% - Score 1 goal in Penalty Kill

Team Stat

Scraper - Hits : 21 - Faceoff Wins : 25 - Blocked Shots : 8 - Penalty Minutes : 6
Staline - Hits : 15 - Faceoff Wins : 31 - Blocked Shots : 12 - Penalty Minutes : 14

Official

Referees : Rehman Kyle and Furlatt Eric
Linesman : Jean Morin and Lonnie Cameron

Game Notes

Nick Spaling has scored a Hat Trick!
Brayden Schenn is injured at 5:05 of 3rd period (Left Leg)

Finance

Level 1 -- Attendance: 1672 (83,60%) -- Ticket Income 58 520 $
Level 2 -- Attendance: 912 (91,20%) -- Ticket Income 13 680 $
Total Attendance: 2584 (86,13%)
Total Ticket Income: 72 200 $
Other Income: 3 610 $
Total Income: 75 810 $

Scraper

5 vs 5 Forward 
   Center                   Left Wing                Right Wing               Time % Phy DF OF 
 1 Riley Armstrong          Ben Eager                Eric Godard              40     1   2  2  
 2 Brayden Schenn           Daniel Winnik            Denis Shvidki            30     1   2  2  
 3 Ryan O'Reilly            Evander Kane             Valeri Bure              20     1   2  2  
 4 Riley Nash               Marcus Foligno           Jerome Samson            10     1   2  2  

5 vs 5 Defense 
   Defense                  Defense                                           Time % Phy DF OF 
 1 Brendan Smith            Derek Joslin                                      40     1   2  2  
 2 Eric Gryba               Jared Cowen                                       30     1   2  2  
 3 Ilkka Heikkinen          Cameron Gaunce                                    20     1   2  2  
 4 Joe Finley               Eric Knodel                                       10     1   2  2  

PowerPlay Forward 
   Center                   Left Wing                Right Wing               Time % Phy DF OF 
 1 Riley Armstrong          Ben Eager                Eric Godard              60     1   2  2  
 2 Brayden Schenn           Daniel Winnik            Denis Shvidki            40     1   2  2  

PowerPlay Defense
   Defense                  Defense                                           Time % Phy DF OF 
 1 Brendan Smith            Derek Joslin                                      60     1   2  2  
 2 Eric Gryba               Jared Cowen                                       40     1   2  2  

Penalty Kill 4 Players Forward 
   Center                   Wing                     Time % Phy DF OF 
 1 Eric Godard              Denis Shvidki            60     1   2  2  
 2 Riley Armstrong          Ben Eager                40     1   2  2  

Penalty Kill 4 Players Defense
   Defense                  Defense                  Time % Phy DF OF 
 1 Brendan Smith            Derek Joslin             60     1   2  2  
 2 Eric Gryba               Jared Cowen              40     1   2  2  

Penalty Kill - 3 Players Forward 
   Forward                                           Time % Phy DF OF 
 1 Eric Godard                                       60     1   2  2  
 2 Denis Shvidki                                     40     1   2  2  

Penalty Kill - 3 Players Defense
   Defense                  Defense                  Time % Phy DF OF 
 1 Brendan Smith            Derek Joslin             60     1   2  2  
 2 Eric Gryba               Jared Cowen              40     1   2  2  

4 vs 4 Forward 
   Center                   Wing                     Time % Phy DF OF 
 1 Eric Godard              Denis Shvidki            60     1   2  2  
 2 Riley Armstrong          Ben Eager                40     1   2  2  

4 vs 4 Defense
   Defense                  Defense                  Time % Phy DF OF 
 1 Brendan Smith            Derek Joslin             60     1   2  2  
 2 Eric Gryba               Jared Cowen              40     1   2  2  

Last Minutes Offensive
   Center                   Left Wing                Right Wing               Defense                  Defense                  
   Riley Armstrong          Ben Eager                Eric Godard              Brendan Smith            Derek Joslin             

Last Minutes Defensive
   Center                   Left Wing                Right Wing               Defense                  Defense                  
   Riley Armstrong          Ben Eager                Eric Godard              Brendan Smith            Derek Joslin             

Goaltenders
Starting : Peter Mannino            
Backup : Maxime Ouellet           

Extra Forwards
Normal : Valeri Bure, Evander Kane, Ryan O'Reilly - PP : Valeri Bure, Evander Kane - PK : Ryan O'Reilly
Extra Defensemen
Normal : Ilkka Heikkinen, Cameron Gaunce, Joe Finley - PP : Ilkka Heikkinen - PK : Cameron Gaunce, Joe Finley
Penalty Shots
Eric Godard, Denis Shvidki, Riley Armstrong, Ben Eager, Valeri Bure

Staline

5 vs 5 Forward 
   Center                   Left Wing                Right Wing               Time % Phy DF OF 
 1 Andrei Loktionov         Pierre-Luc Létourneau    Devin Setoguchi          40     1   2  2  
 2 Peter Mueller            Mason Raymond            Jared Boll               30     1   2  2  
 3 Mathieu Perreault        Nick Spaling             J.T. Wyman               20     1   2  2  
 4 Cody Eakin               James Sheppard           Pierre-Luc Létourneau    10     1   2  2  

5 vs 5 Defense 
   Defense                  Defense                                           Time % Phy DF OF 
 1 T.J. Fast                Stu Bickel                                        40     1   2  2  
 2 Theo Peckham             Tyler Cuma                                        30     1   2  2  
 3 Michael Del Zotto        Torey Krug                                        20     1   2  2  
 4 T.J. Fast                Stu Bickel                                        10     1   2  2  

PowerPlay Forward 
   Center                   Left Wing                Right Wing               Time % Phy DF OF 
 1 Andrei Loktionov         Pierre-Luc Létourneau    Devin Setoguchi          60     1   2  2  
 2 Peter Mueller            Mason Raymond            Jared Boll               40     1   2  2  

PowerPlay Defense
   Defense                  Defense                                           Time % Phy DF OF 
 1 T.J. Fast                Stu Bickel                                        60     1   2  2  
 2 Theo Peckham             Tyler Cuma                                        40     1   2  2  

Penalty Kill 4 Players Forward 
   Center                   Wing                     Time % Phy DF OF 
 1 Pierre-Luc Létourneau    Devin Setoguchi          60     1   2  2  
 2 Mason Raymond            Andrei Loktionov         40     1   2  2  

Penalty Kill 4 Players Defense
   Defense                  Defense                  Time % Phy DF OF 
 1 T.J. Fast                Stu Bickel               60     1   2  2  
 2 Theo Peckham             Tyler Cuma               40     1   2  2  

Penalty Kill - 3 Players Forward 
   Forward                                           Time % Phy DF OF 
 1 Pierre-Luc Létourneau                             60     1   2  2  
 2 Devin Setoguchi                                   40     1   2  2  

Penalty Kill - 3 Players Defense
   Defense                  Defense                  Time % Phy DF OF 
 1 T.J. Fast                Stu Bickel               60     1   2  2  
 2 Theo Peckham             Tyler Cuma               40     1   2  2  

4 vs 4 Forward 
   Center                   Wing                     Time % Phy DF OF 
 1 Pierre-Luc Létourneau    Devin Setoguchi          60     1   2  2  
 2 Mason Raymond            Andrei Loktionov         40     1   2  2  

4 vs 4 Defense
   Defense                  Defense                  Time % Phy DF OF 
 1 T.J. Fast                Stu Bickel               60     1   2  2  
 2 Theo Peckham             Tyler Cuma               40     1   2  2  

Last Minutes Offensive
   Center                   Left Wing                Right Wing               Defense                  Defense                  
   Andrei Loktionov         Pierre-Luc Létourneau    Devin Setoguchi          T.J. Fast                Stu Bickel               

Last Minutes Defensive
   Center                   Left Wing                Right Wing               Defense                  Defense                  
   Andrei Loktionov         Pierre-Luc Létourneau    Devin Setoguchi          T.J. Fast                Stu Bickel               

Goaltenders
Starting : Tobias Stephan           
Backup : Martin Houle             

Extra Forwards
Normal : J.T. Wyman, Nick Spaling, James Sheppard - PP : J.T. Wyman, Nick Spaling - PK : James Sheppard
Extra Defensemen
Normal : Michael Del Zotto, Torey Krug, Theo Peckham - PP : Michael Del Zotto - PK : Torey Krug, Theo Peckham
Penalty Shots
Pierre-Luc Létourneau, Devin Setoguchi, Mason Raymond, Andrei Loktionov, Peter Mueller

% Time on Ice - Scraper

Lines # - Real PCT - Wanted PCT - Time Play
Normal Forward
1 - 31% - 40% - 13:40
2 - 27% - 30% - 12:01
3 - 21% - 20% - 9:13
4 - 21% - 10% - 9:32
Normal Defense
1 - 39% - 40% - 17:10
2 - 31% - 30% - 13:35
3 - 22% - 20% - 9:40
4 - 9% - 10% - 4:01
PP Forward
1 - 55% - 60% - 5:55
2 - 45% - 40% - 4:56
PP Defense
1 - 58% - 60% - 6:18
2 - 42% - 40% - 4:33
PK Forward
1 - 100% - 60% - 2:02
2 - 0% - 40% - 0:00
PK Defense
1 - 41% - 60% - 0:50
2 - 59% - 40% - 1:12
PK3 Forward
1 - 0% - 60%
2 - 0% - 40%
PK3 Defense
1 - 0% - 60%
2 - 0% - 40%
44 Forward
1 - 100% - 60% - 2:41
2 - 0% - 40% - 0:00
44 Defense
1 - 66% - 60% - 1:46
2 - 34% - 40% - 0:55
Last Minute Offensive  - 0:00
Last Minute Defensive  - 0:00
Total
Forward - 60:00
Defense - 60:00

% Time on Ice - Staline

Lines # - Real PCT - Wanted PCT - Time Play
Normal Forward
1 - 31% - 40% - 13:38
2 - 32% - 30% - 14:01
3 - 26% - 20% - 11:31
4 - 12% - 10% - 5:16
Normal Defense
1 - 38% - 40% - 16:40
2 - 33% - 30% - 14:36
3 - 26% - 20% - 11:41
4 - 3% - 10% - 1:29
PP Forward
1 - 55% - 60% - 1:07
2 - 45% - 40% - 0:55
PP Defense
1 - 66% - 60% - 1:21
2 - 34% - 40% - 0:41
PK Forward
1 - 70% - 60% - 7:35
2 - 30% - 40% - 3:16
PK Defense
1 - 60% - 60% - 6:28
2 - 40% - 40% - 4:23
PK3 Forward
1 - 0% - 60%
2 - 0% - 40%
PK3 Defense
1 - 0% - 60%
2 - 0% - 40%
44 Forward
1 - 81% - 60% - 2:10
2 - 19% - 40% - 0:31
44 Defense
1 - 56% - 60% - 1:30
2 - 44% - 40% - 1:11
Last Minute Offensive  - 0:00
Last Minute Defensive  - 0:00
Total
Forward - 60:00
Defense - 60:00

Play by Play

1st period


0:01 of 1st period - Riley Armstrong wins face-off versus Andrei Loktionov in neutral zone.
0:48 of 1st period - Backhand shot by Mason Raymond.
0:48 of 1st period - Stopped by Peter Mannino with a rebound.
0:50 of 1st period - Slapshot by Stu Bickel.
0:50 of 1st period - Stopped by Peter Mannino with a rebound.
1:39 of 1st period - Wrist shot by Mathieu Perreault.
1:39 of 1st period - Shot Blocked by Eric Godard.
1:55 of 1st period - Snap shot by Peter Mueller.
1:55 of 1st period - Stopped by Peter Mannino with a rebound.
2:19 of 1st period - Evander Kane is hit by Torey Krug and loses puck.
2:30 of 1st period - Snap shot by Valeri Bure.
2:30 of 1st period - Shot Misses the Net.
2:32 of 1st period - Slapshot by Ilkka Heikkinen.
2:32 of 1st period - Stopped by Tobias Stephan with a rebound.
2:36 of 1st period - Slapshot by Marcus Foligno.
2:36 of 1st period - Shot Blocked by T.J. Fast.
2:38 of 1st period - Slapshot by Jerome Samson.
2:38 of 1st period - Stopped by Tobias Stephan with a rebound.
2:56 of 1st period - Wrist shot by Peter Mueller.
2:56 of 1st period - Stopped by Peter Mannino with a rebound.
3:42 of 1st period - Wrist shot by Marcus Foligno.
3:42 of 1st period - Shot Misses the Net.
3:57 of 1st period - Off-side.
3:58 of 1st period - Andrei Loktionov wins face-off versus Ryan O'Reilly in neutral zone.
4:07 of 1st period - Snap shot by Andrei Loktionov.
4:07 of 1st period - Shot Misses the Net.
4:09 of 1st period - Slapshot by Michael Del Zotto.
4:09 of 1st period - Shot Blocked by Eric Gryba.
4:16 of 1st period - Icing by Jared Cowen.
4:17 of 1st period - Mathieu Perreault wins face-off versus Ryan O'Reilly in Scraper zone.
4:24 of 1st period - Wrist shot by Mason Raymond.
4:24 of 1st period - Deflect By Peter Mueller.
4:24 of 1st period - Stopped by Peter Mannino with a rebound.
4:26 of 1st period - Slapshot by Peter Mueller.
4:26 of 1st period - Shot Misses the Net.
6:30 of 1st period - Brendan Smith is hit by Torey Krug and loses puck.
6:43 of 1st period - Wrist shot by Eric Godard.
6:43 of 1st period - Shot Misses the Net.
7:11 of 1st period - T.J. Fast is hit by Eric Knodel and loses puck.
7:24 of 1st period - Slapshot by Peter Mueller.
7:24 of 1st period - Shot Misses the Net.
8:16 of 1st period - Wrist shot by Brayden Schenn.
8:16 of 1st period - Stopped by Tobias Stephan with a rebound.
8:40 of 1st period - Stu Bickel is hit by Marcus Foligno and loses puck.
8:45 of 1st period - Slapshot by Ilkka Heikkinen.
8:45 of 1st period - Deflect By Mason Raymond.
8:45 of 1st period - Stopped by Tobias Stephan without a rebound.
8:46 of 1st period - Andrei Loktionov wins face-off versus Daniel Winnik in Staline zone.
8:46 of 1st period - Andrei Loktionov is hit by Brayden Schenn.
8:54 of 1st period - Denis Shvidki is hit by Pierre-Luc Létourneau and loses puck.
9:05 of 1st period - Snap shot by J.T. Wyman.
9:05 of 1st period - Stopped by Peter Mannino with a rebound.
9:07 of 1st period - Snap shot by J.T. Wyman.
9:07 of 1st period - Stopped by Peter Mannino with a rebound.
9:33 of 1st period - Slapshot by Peter Mueller.
9:33 of 1st period - Shot Misses the Net.
9:35 of 1st period - Snap shot by Theo Peckham.
9:35 of 1st period - Stopped by Peter Mannino with a rebound.
9:50 of 1st period - Derek Joslin is hit by Andrei Loktionov and loses puck.
10:03 of 1st period - Snap shot by Evander Kane.
10:03 of 1st period - Deflect By Valeri Bure.
10:03 of 1st period - Stopped by Tobias Stephan with a rebound.
10:05 of 1st period - Wrist shot by Valeri Bure.
10:05 of 1st period - Stopped by Tobias Stephan without a rebound.
10:06 of 1st period - Ryan O'Reilly wins face-off versus Peter Mueller in Staline zone.
10:07 of 1st period - Wrist shot by Evander Kane.
10:07 of 1st period - Shot Misses the Net.
10:21 of 1st period - Wrist shot by Evander Kane.
10:21 of 1st period - Shot Misses the Net.
10:31 of 1st period - Jared Cowen is hit by T.J. Fast and loses puck.
10:40 of 1st period - Snap shot by Eric Godard.
10:40 of 1st period - Stopped by Tobias Stephan with a rebound.
11:18 of 1st period - Icing by Theo Peckham.
11:19 of 1st period - Cody Eakin wins face-off versus Ryan O'Reilly in Staline zone.
11:26 of 1st period - Snap shot by Evander Kane.
11:26 of 1st period - Shot Misses the Net.
12:24 of 1st period - Wrist shot by Andrei Loktionov.
12:24 of 1st period - Shot Misses the Net.
12:46 of 1st period - Wrist shot by Mason Raymond.
12:46 of 1st period - Stopped by Peter Mannino with a rebound.
12:52 of 1st period - Snap shot by Riley Armstrong.
12:52 of 1st period - Shot Blocked by T.J. Fast.
12:56 of 1st period - Snap shot by Riley Armstrong.
12:56 of 1st period - Shot Misses the Net.
12:58 of 1st period - Snap shot by Riley Armstrong.
12:58 of 1st period - Shot Misses the Net.
13:00 of 1st period - Wrist shot by Riley Armstrong.
13:00 of 1st period - Deflect By Eric Godard.
13:00 of 1st period - Shot Misses the Net.
13:00 of 1st period - Puck is out of play.
13:01 of 1st period - Brayden Schenn wins face-off versus Mathieu Perreault in Staline zone.
13:24 of 1st period - Minor Penalty to Tyler Cuma for Tripping.
13:25 of 1st period - Pierre-Luc Létourneau wins face-off versus Brayden Schenn in Staline zone.
13:25 of 1st period - Pierre-Luc Létourneau is hit by Denis Shvidki.
13:41 of 1st period - Snap shot by Denis Shvidki.
13:41 of 1st period - Stopped by Tobias Stephan with a rebound.
13:51 of 1st period - T.J. Fast is hit by Eric Godard and loses puck.
14:04 of 1st period - Wrist shot by Andrei Loktionov.
14:04 of 1st period - Stopped by Peter Mannino with a rebound.
14:31 of 1st period - Snap shot by Mason Raymond.
14:31 of 1st period - Shot Misses the Net.
14:33 of 1st period - Slapshot by Theo Peckham.
14:33 of 1st period - Deflect By Denis Shvidki.
14:33 of 1st period - Stopped by Peter Mannino with a rebound.
15:01 of 1st period - Derek Joslin is hit by Pierre-Luc Létourneau and loses puck.
15:24 of 1st period - Penalty to Tyler Cuma is over, Tyler Cuma is back on ice.
15:32 of 1st period - Wrist shot by Nick Spaling.
15:32 of 1st period - Stopped by Peter Mannino without a rebound.
15:33 of 1st period - Mathieu Perreault wins face-off versus Riley Nash in Scraper zone.
15:38 of 1st period - Wrist shot by Nick Spaling.
15:38 of 1st period - Shot Misses the Net.
15:40 of 1st period - Snap shot by J.T. Wyman.
15:40 of 1st period - Deflect By Nick Spaling.
15:40 of 1st period - Goal by Nick Spaling - Scraper : 0 - Staline : 1.
15:41 of 1st period - Andrei Loktionov wins face-off versus Riley Armstrong in neutral zone.
15:49 of 1st period - Wrist shot by Andrei Loktionov.
15:49 of 1st period - Shot Misses the Net.
15:53 of 1st period - Wrist shot by Devin Setoguchi.
15:53 of 1st period - Shot Blocked by Derek Joslin.
15:55 of 1st period - Wrist shot by Andrei Loktionov.
15:55 of 1st period - Goal by Andrei Loktionov - Scraper : 0 - Staline : 2.
15:56 of 1st period - Riley Armstrong wins face-off versus Andrei Loktionov in neutral zone.
16:09 of 1st period - Snap shot by Riley Armstrong.
16:09 of 1st period - Deflect By Ben Eager.
16:09 of 1st period - Stopped by Tobias Stephan without a rebound.
16:10 of 1st period - Brayden Schenn wins face-off versus Andrei Loktionov in Staline zone.
16:13 of 1st period - Slapshot by Daniel Winnik.
16:13 of 1st period - Stopped by Tobias Stephan with a rebound.
16:15 of 1st period - Snap shot by Brendan Smith.
16:15 of 1st period - Stopped by Tobias Stephan with a rebound.
16:21 of 1st period - Slapshot by Denis Shvidki.
16:21 of 1st period - Stopped by Tobias Stephan without a rebound.
16:22 of 1st period - Ben Eager wins face-off versus Andrei Loktionov in Staline zone.
16:33 of 1st period - Wrist shot by Riley Armstrong.
16:33 of 1st period - Stopped by Tobias Stephan with a rebound.
16:35 of 1st period - Slapshot by Derek Joslin.
16:35 of 1st period - Shot Misses the Net.
17:00 of 1st period - Mason Raymond is hit by Brayden Schenn and loses puck.
17:22 of 1st period - Wrist shot by Peter Mueller.
17:22 of 1st period - Shot Blocked by Eric Gryba.
17:24 of 1st period - Snap shot by Peter Mueller.
17:24 of 1st period - Stopped by Peter Mannino with a rebound.
17:26 of 1st period - Slapshot by Peter Mueller.
17:26 of 1st period - Shot Misses the Net.
17:28 of 1st period - Wrist shot by Mason Raymond.
17:28 of 1st period - Stopped by Peter Mannino without a rebound.
17:29 of 1st period - Devin Setoguchi wins face-off versus Riley Armstrong in Scraper zone.
18:57 of 1st period - Snap shot by Ben Eager.
18:57 of 1st period - Stopped by Tobias Stephan with a rebound.
19:15 of 1st period - Jared Boll is hit by Denis Shvidki and loses puck.
19:38 of 1st period - Andrei Loktionov is hit by Jared Cowen and loses puck.
19:57 of 1st period - Wrist shot by Riley Armstrong.
19:57 of 1st period - Shot Blocked by Theo Peckham.
19:59 of 1st period - Snap shot by Ben Eager.
19:59 of 1st period - Shot Blocked by Tyler Cuma.
Goals for this period are 0 for Scraper vs 2 for Staline.
Shots for this period are 14 for Scraper vs 16 for Staline.

2nd period


0:01 of 2nd period - Ben Eager wins face-off versus Andrei Loktionov in neutral zone.
0:09 of 2nd period - Minor Penalty to Eric Godard for Hooking.
0:10 of 2nd period - Devin Setoguchi wins face-off versus Ryan O'Reilly in Scraper zone.
0:12 of 2nd period - Minor Penalty to Andrei Loktionov for Hooking.
0:13 of 2nd period - Valeri Bure wins face-off versus Pierre-Luc Létourneau in Staline zone.
0:13 of 2nd period - Snap shot by Denis Shvidki.
0:13 of 2nd period - Goal by Denis Shvidki - Scraper : 1 - Staline : 2.
0:14 of 2nd period - Valeri Bure wins face-off versus Pierre-Luc Létourneau in neutral zone.
0:17 of 2nd period - Stu Bickel is hit by Denis Shvidki and loses puck.
0:56 of 2nd period - Jared Cowen is hit by T.J. Fast and loses puck.
1:28 of 2nd period - Wrist shot by James Sheppard.
1:28 of 2nd period - Stopped by Peter Mannino without a rebound.
1:29 of 2nd period - Pierre-Luc Létourneau wins face-off versus Valeri Bure in Scraper zone.
2:09 of 2nd period - Penalty to Eric Godard is over, Eric Godard is back on ice.
2:12 of 2nd period - Penalty to Andrei Loktionov is over, Andrei Loktionov is back on ice.
2:28 of 2nd period - Snap shot by Ben Eager.
2:28 of 2nd period - Stopped by Tobias Stephan without a rebound.
2:29 of 2nd period - Jared Boll wins face-off versus Riley Nash in Staline zone.
2:29 of 2nd period - Jared Boll is hit by Derek Joslin.
2:51 of 2nd period - T.J. Fast is hit by Ben Eager and loses puck.
3:36 of 2nd period - Backhand shot by Valeri Bure.
3:36 of 2nd period - Shot Blocked by Mason Raymond.
4:04 of 2nd period - Stu Bickel is hit by Eric Gryba and loses puck.
4:44 of 2nd period - Evander Kane is hit by J.T. Wyman and loses puck.
5:17 of 2nd period - Snap shot by Riley Armstrong.
5:17 of 2nd period - Stopped by Tobias Stephan without a rebound.
5:18 of 2nd period - Riley Armstrong wins face-off versus Peter Mueller in Staline zone.
6:31 of 2nd period - Snap shot by Daniel Winnik.
6:31 of 2nd period - Shot Blocked by Torey Krug.
6:41 of 2nd period - Snap shot by Evander Kane.
6:41 of 2nd period - Shot Misses the Net.
6:55 of 2nd period - Mathieu Perreault is hit by Marcus Foligno and loses puck.
7:21 of 2nd period - Off-side.
7:22 of 2nd period - Peter Mueller wins face-off versus Brayden Schenn in neutral zone.
7:33 of 2nd period - Wrist shot by Jared Boll.
7:33 of 2nd period - Shot Blocked by Eric Gryba.
8:12 of 2nd period - Wrist shot by Riley Nash.
8:12 of 2nd period - Stopped by Tobias Stephan without a rebound.
8:13 of 2nd period - Riley Armstrong wins face-off versus Peter Mueller in Staline zone.
9:09 of 2nd period - Wrist shot by Marcus Foligno.
9:09 of 2nd period - Stopped by Tobias Stephan without a rebound.
9:10 of 2nd period - Peter Mueller wins face-off versus Riley Armstrong in Staline zone.
9:12 of 2nd period - Minor Penalty to Peter Mueller for High sticking.
9:13 of 2nd period - Pierre-Luc Létourneau wins face-off versus Riley Armstrong in Staline zone.
9:43 of 2nd period - Slapshot by Brendan Smith.
9:43 of 2nd period - Shot Misses the Net.
9:49 of 2nd period - Backhand shot by Daniel Winnik.
9:49 of 2nd period - Shot Misses the Net.
10:03 of 2nd period - Wrist shot by Andrei Loktionov.
10:03 of 2nd period - Shot Misses the Net.
11:12 of 2nd period - Penalty to Peter Mueller is over, Peter Mueller is back on ice.
11:17 of 2nd period - Theo Peckham is hit by Jared Cowen and loses puck.
11:45 of 2nd period - Snap shot by J.T. Wyman.
11:45 of 2nd period - Shot Misses the Net.
11:49 of 2nd period - Snap shot by Nick Spaling.
11:49 of 2nd period - Shot Misses the Net.
11:51 of 2nd period - Snap shot by Theo Peckham.
11:51 of 2nd period - Deflect By Nick Spaling.
11:51 of 2nd period - Goal by Nick Spaling - Scraper : 1 - Staline : 3.
11:52 of 2nd period - Andrei Loktionov wins face-off versus Riley Armstrong in neutral zone.
12:27 of 2nd period - Snap shot by Devin Setoguchi.
12:27 of 2nd period - Stopped by Peter Mannino without a rebound.
12:28 of 2nd period - Brayden Schenn wins face-off versus Peter Mueller in Scraper zone.
12:28 of 2nd period - Brayden Schenn is hit by Jared Boll.
12:34 of 2nd period - Snap shot by Daniel Winnik.
12:34 of 2nd period - Shot Misses the Net.
12:36 of 2nd period - Slapshot by Brendan Smith.
12:36 of 2nd period - Stopped by Tobias Stephan without a rebound.
12:37 of 2nd period - Peter Mueller wins face-off versus Brayden Schenn in Staline zone.
13:00 of 2nd period - Icing by Brayden Schenn.
13:01 of 2nd period - Pierre-Luc Létourneau wins face-off versus Brayden Schenn in Scraper zone.
13:02 of 2nd period - Wrist shot by Andrei Loktionov.
13:02 of 2nd period - Shot Blocked by Denis Shvidki.
13:10 of 2nd period - Snap shot by Andrei Loktionov.
13:10 of 2nd period - Stopped by Peter Mannino with a rebound.
13:12 of 2nd period - Slapshot by T.J. Fast.
13:12 of 2nd period - Stopped by Peter Mannino with a rebound.
13:28 of 2nd period - Snap shot by Denis Shvidki.
13:28 of 2nd period - Shot Misses the Net.
13:30 of 2nd period - Wrist shot by Brayden Schenn.
13:30 of 2nd period - Shot Misses the Net.
13:36 of 2nd period - Snap shot by Daniel Winnik.
13:36 of 2nd period - Stopped by Tobias Stephan with a rebound.
13:38 of 2nd period - Slapshot by Brendan Smith.
13:38 of 2nd period - Stopped by Tobias Stephan with a rebound.
13:48 of 2nd period - Snap shot by Daniel Winnik.
13:48 of 2nd period - Shot Blocked by T.J. Fast.
13:50 of 2nd period - Snap shot by Brayden Schenn.
13:50 of 2nd period - Stopped by Tobias Stephan without a rebound.
13:51 of 2nd period - Riley Armstrong wins face-off versus Andrei Loktionov in Staline zone.
13:56 of 2nd period - Slapshot by Ben Eager.
13:56 of 2nd period - Shot Blocked by Theo Peckham.
13:58 of 2nd period - Minor Penalty to Andrei Loktionov for Slashing.
13:59 of 2nd period - Riley Armstrong wins face-off versus Pierre-Luc Létourneau in Staline zone.
14:53 of 2nd period - Daniel Winnik is hit by Mason Raymond and loses puck.
15:58 of 2nd period - Penalty to Andrei Loktionov is over, Andrei Loktionov is back on ice.
16:11 of 2nd period - Slapshot by Torey Krug.
16:11 of 2nd period - Shot Misses the Net.
16:22 of 2nd period - Icing by Mathieu Perreault.
16:23 of 2nd period - Ryan O'Reilly wins face-off versus Peter Mueller in Staline zone.
16:44 of 2nd period - Mathieu Perreault is hit by Cameron Gaunce.
16:54 of 2nd period - Snap shot by Jerome Samson.
16:54 of 2nd period - Shot Misses the Net.
16:56 of 2nd period - Snap shot by Marcus Foligno.
16:56 of 2nd period - Stopped by Tobias Stephan without a rebound.
16:57 of 2nd period - Riley Armstrong wins face-off versus Andrei Loktionov in Staline zone.
17:50 of 2nd period - Slapshot by Nick Spaling.
17:50 of 2nd period - Stopped by Peter Mannino with a rebound.
18:10 of 2nd period - Wrist shot by Marcus Foligno.
18:10 of 2nd period - Stopped by Tobias Stephan without a rebound.
18:11 of 2nd period - Eric Godard wins face-off versus Peter Mueller in Staline zone.
18:12 of 2nd period - Snap shot by Riley Armstrong.
18:12 of 2nd period - Stopped by Tobias Stephan without a rebound.
18:13 of 2nd period - Riley Armstrong wins face-off versus Peter Mueller in Staline zone.
18:25 of 2nd period - Off-side.
18:26 of 2nd period - Ben Eager wins face-off versus Andrei Loktionov in neutral zone.
18:53 of 2nd period - Jared Boll is hit by Daniel Winnik and loses puck.
19:20 of 2nd period - Snap shot by Pierre-Luc Létourneau.
19:20 of 2nd period - Stopped by Peter Mannino without a rebound.
19:21 of 2nd period - Cody Eakin wins face-off versus Ryan O'Reilly in Scraper zone.
19:22 of 2nd period - Snap shot by Pierre-Luc Létourneau.
19:22 of 2nd period - Stopped by Peter Mannino without a rebound.
19:23 of 2nd period - Cody Eakin wins face-off versus Ryan O'Reilly in Scraper zone.
19:34 of 2nd period - Slapshot by Pierre-Luc Létourneau.
19:34 of 2nd period - Stopped by Peter Mannino with a rebound.
Goals for this period are 1 for Scraper vs 1 for Staline.
Shots for this period are 12 for Scraper vs 9 for Staline.

3rd period


0:01 of 3rd period - Andrei Loktionov wins face-off versus Riley Armstrong in neutral zone.
0:12 of 3rd period - Snap shot by T.J. Fast.
0:12 of 3rd period - Shot Misses the Net.
0:14 of 3rd period - Wrist shot by Devin Setoguchi.
0:14 of 3rd period - Shot Blocked by Ben Eager.
0:16 of 3rd period - Slapshot by Stu Bickel.
0:16 of 3rd period - Deflect By Devin Setoguchi.
0:16 of 3rd period - Stopped by Peter Mannino with a rebound.
0:27 of 3rd period - Minor Penalty to Mason Raymond for Interference.
0:28 of 3rd period - Riley Armstrong wins face-off versus Pierre-Luc Létourneau in Staline zone.
1:00 of 3rd period - Andrei Loktionov is hit by Denis Shvidki and loses puck.
1:43 of 3rd period - Theo Peckham is hit by Brendan Smith and loses puck.
2:27 of 3rd period - Penalty to Mason Raymond is over, Mason Raymond is back on ice.
3:00 of 3rd period - Wrist shot by Nick Spaling.
3:00 of 3rd period - Goal by Nick Spaling - Scraper : 1 - Staline : 4.
3:01 of 3rd period - Andrei Loktionov wins face-off versus Riley Armstrong in neutral zone.
3:07 of 3rd period - Icing by Brendan Smith.
3:08 of 3rd period - Riley Armstrong wins face-off versus Devin Setoguchi in Scraper zone.
3:21 of 3rd period - Backhand shot by Ben Eager.
3:21 of 3rd period - Shot Blocked by T.J. Fast.
3:23 of 3rd period - Wrist shot by Eric Godard.
3:23 of 3rd period - Shot Misses the Net.
3:45 of 3rd period - Denis Shvidki is hit by Jared Boll and loses puck.
4:04 of 3rd period - Snap shot by Valeri Bure.
4:04 of 3rd period - Shot Misses the Net.
4:06 of 3rd period - Slapshot by Brendan Smith.
4:06 of 3rd period - Stopped by Tobias Stephan with a rebound.
4:08 of 3rd period - Slapshot by Derek Joslin.
4:08 of 3rd period - Shot Blocked by Tyler Cuma.
4:14 of 3rd period - Minor Penalty to Nick Spaling for Hooking.
4:15 of 3rd period - Riley Armstrong wins face-off versus Pierre-Luc Létourneau in Staline zone.
4:34 of 3rd period - Eric Gryba is hit by Devin Setoguchi and loses puck.
4:51 of 3rd period - Snap shot by Denis Shvidki.
4:51 of 3rd period - Shot Blocked by Stu Bickel.
4:53 of 3rd period - Wrist shot by Jared Cowen.
4:53 of 3rd period - Stopped by Tobias Stephan with a rebound.
4:55 of 3rd period - Slapshot by Jared Cowen.
4:55 of 3rd period - Deflect By Brayden Schenn.
4:55 of 3rd period - Stopped by Tobias Stephan with a rebound.
4:57 of 3rd period - Slapshot by Eric Gryba.
4:57 of 3rd period - Stopped by Tobias Stephan without a rebound.
4:58 of 3rd period - Pierre-Luc Létourneau wins face-off versus Daniel Winnik in Staline zone.
5:03 of 3rd period - Slapshot by Tyler Cuma.
5:03 of 3rd period - Shot Misses the Net.
5:05 of 3rd period - Wrist shot by Pierre-Luc Létourneau.
5:05 of 3rd period - Shot Blocked by Brayden Schenn.
5:05 of 3rd period - Brayden Schenn from Scraper is injured at 5:05 of 3rd period (Left Leg).
5:06 of 3rd period - Pierre-Luc Létourneau wins face-off versus Riley Armstrong in Scraper zone.
5:15 of 3rd period - Snap shot by Pierre-Luc Létourneau.
5:15 of 3rd period - Shot Misses the Net.
5:17 of 3rd period - Snap shot by Devin Setoguchi.
5:17 of 3rd period - Goal by Devin Setoguchi - Scraper : 1 - Staline : 5.
5:18 of 3rd period - Pierre-Luc Létourneau wins face-off versus Riley Armstrong in neutral zone.
5:21 of 3rd period - Snap shot by T.J. Fast.
5:21 of 3rd period - Stopped by Peter Mannino with a rebound.
6:14 of 3rd period - Penalty to Nick Spaling is over, Nick Spaling is back on ice.
6:44 of 3rd period - Slapshot by Valeri Bure.
6:44 of 3rd period - Stopped by Tobias Stephan without a rebound.
6:45 of 3rd period - Ryan O'Reilly wins face-off versus Peter Mueller in Staline zone.
7:08 of 3rd period - Snap shot by Andrei Loktionov.
7:08 of 3rd period - Stopped by Peter Mannino without a rebound.
7:09 of 3rd period - Andrei Loktionov wins face-off versus Riley Armstrong in Scraper zone.
7:51 of 3rd period - Minor Penalty to Denis Shvidki for Hooking.
7:52 of 3rd period - Andrei Loktionov wins face-off versus Eric Godard in Scraper zone.
7:53 of 3rd period - Snap shot by Devin Setoguchi.
7:53 of 3rd period - Shot Misses the Net.
7:55 of 3rd period - Slapshot by Stu Bickel.
7:55 of 3rd period - Stopped by Peter Mannino without a rebound.
7:56 of 3rd period - Eric Godard wins face-off versus Andrei Loktionov in Scraper zone.
7:56 of 3rd period - Eric Godard is hit by T.J. Fast.
9:51 of 3rd period - Penalty to Denis Shvidki is over, Denis Shvidki is back on ice.
10:02 of 3rd period - Stu Bickel is hit by Denis Shvidki and loses puck.
11:12 of 3rd period - Tyler Cuma is hit by Derek Joslin and loses puck.
11:47 of 3rd period - Wrist shot by Daniel Winnik.
11:47 of 3rd period - Deflect By Torey Krug.
11:47 of 3rd period - Stopped by Tobias Stephan with a rebound.
11:49 of 3rd period - Wrist shot by Jerome Samson.
11:49 of 3rd period - Shot Blocked by Michael Del Zotto.
11:51 of 3rd period - Slapshot by Riley Nash.
11:51 of 3rd period - Deflect By Michael Del Zotto.
11:51 of 3rd period - Stopped by Tobias Stephan with a rebound.
16:38 of 3rd period - Off-side.
16:39 of 3rd period - Pierre-Luc Létourneau wins face-off versus Riley Nash in neutral zone.
16:47 of 3rd period - Slapshot by Brendan Smith.
16:47 of 3rd period - Stopped by Tobias Stephan without a rebound.
16:48 of 3rd period - Peter Mueller wins face-off versus Riley Armstrong in Staline zone.
17:40 of 3rd period - Marcus Foligno is hit by Devin Setoguchi and loses puck.
18:21 of 3rd period - Minor Penalty to Theo Peckham for Elbowing.
18:22 of 3rd period - Pierre-Luc Létourneau wins face-off versus Riley Armstrong in Staline zone.
18:27 of 3rd period - Icing by Brendan Smith.
18:28 of 3rd period - Pierre-Luc Létourneau wins face-off versus Riley Armstrong in Scraper zone.
18:28 of 3rd period - Tyler Cuma is hit by Ben Eager and loses puck.
19:14 of 3rd period - Minor Penalty to Eric Gryba for Slashing.
19:15 of 3rd period - Eric Godard wins face-off versus Pierre-Luc Létourneau in Scraper zone.
19:20 of 3rd period - Derek Joslin is hit by Pierre-Luc Létourneau and loses puck.
19:25 of 3rd period - Snap shot by Devin Setoguchi.
19:25 of 3rd period - Stopped by Peter Mannino without a rebound.
19:26 of 3rd period - Pierre-Luc Létourneau wins face-off versus Eric Godard in Scraper zone.
19:27 of 3rd period - Slapshot by T.J. Fast.
19:27 of 3rd period - Shot Misses the Net.
19:29 of 3rd period - Slapshot by Stu Bickel.
19:29 of 3rd period - Stopped by Peter Mannino with a rebound.
Goals for this period are 0 for Scraper vs 2 for Staline.
Shots for this period are 8 for Scraper vs 8 for Staline.


Output by the SimonT Hockey Simulator (STHS) for François Prévost -- Original Page W3C XHTML 1.0 Valid
Hockey Simulator - Hockey Simulation - Hockey Manager